 Dungeon Crawl Stone Soup version 0.32-a0-909-gc671339a80 (webtiles) character file.

Game seed: 10747971009682736558

126 Fractals the Charlatan (level 5, -2/33 HPs)
             Began as a Kobold Artificer on Apr 6, 2024.
             Was an Initiate of Ru.
             Hit by a boomerang thrown by an orc (6 damage)
             ... on level 4 of the Dungeon.
             The game lasted 00:08:15 (2931 turns).

Fractals the Charlatan (Kobold Artificer)           Turns: 2931, Time: 00:08:15

Health: -2/33      AC:  5    Str: 11    XL:     5   Next: 31%
Magic:  1/1        EV: 12    Int: 13    God:    Ru [......]
Gold:   183        SH:  0    Dex: 15    Spells: 4/4 levels left

rFire   . . .        m - +2 dagger (antimagic)
rCold   . . .        (no shield)
rNeg    . . .        s - +0 ring mail
rPois   .            (no helmet)
rElec   .            (no cloak)
rCorr   .            (no gloves)
SInv    .            (no boots)
Will    .....        (no amulet)
Stlth   +++          (no ring)
HPRegen 0.25/turn    (no ring)
MPRegen 0.07/turn

%: no passive effects
@: no status effects
A: small, no large weapons, nightstalker 3
a: Renounce Religion


You were on level 4 of the Dungeon.
You worshipped Ru.
Ru was noncommittal.
You visited 1 branch of the dungeon, and saw 4 of its levels.

You collected 183 gold pieces.

Inventory:

Hand Weapons
 f - a +0 short sword
 m - a +2 antimagic dagger (weapon)
 o - a +0 war axe
Armour
 s - a +0 ring mail (worn)
Wands
 c - a wand of flame (10) (quivered)
 d - a wand of charming (13)
 e - a wand of iceblast (4)
Scrolls
 g - a scroll of poison
 i - a scroll of teleportation {unknown}
 j - 2 scrolls of identify
 p - a scroll of vulnerability {unknown}
 r - a scroll of enchant weapon {unknown}
Potions
 k - a potion of heal wounds {unknown}
 l - 2 potions of enlightenment
 n - a potion of brilliance {unknown}
 q - a potion of lignification {unknown}


   Skills:
 + Level 3.9 Fighting
 - Level 0.7 Armour
 + Level 2.6 Dodging
 - Level 4.0 Stealth
 - Level 4.0 Evocations


You had 4 spell levels left.
You didn't know any spells.
Your spell library contained the following spells:

 Spells                   Type           Power      Damage    Failure   Level
 Freeze                   Ice            0%         1d3       58%         1
 Frozen Ramparts          Ice            0%         1d1       92%         3
 Hailstorm                Conj/Ice       0%         3d5       92%         3


Dungeon Overview and Level Annotations

Branches:
Dungeon (4/15)
 Temple: D:4-7

Altars:
Qazlal
Ru

Annotations:
D:2 1 runed translucent door, Crazy Yiuf


Innate Abilities, Weirdness & Mutations

You are small and have problems with some larger weapons.
You are completely attuned to the shadows.


Message History

Press: ? - help, Dir - move target, f - iguana
Aim: an iguana (lightly wounded, ally target) Attack!
Your orc priest hits the iguana but does no damage.
Aiming: Throw Flame
Press: ? - help, Q - select action, (/) - cycle Shift-Dir - straight line, f/p - iguana
Aim: an iguana (lightly wounded, ally target, 75% to hit)
The puff of flame hits the iguana!
The iguana is severely wounded.
You hear the rusting of a drain very nearby.
The iguana bites you!
* * * LOW HITPOINT WARNING * * *
An orc comes into view. It is wielding a +0 club.
The air fills with toxic fumes!
As you read the scroll labelled FAMAYRGHEFEGE, it crumbles to dust.
It was a scroll of poison.
The orc throws a boomerang.
The boomerang closely misses you.
Unknown command.
You hit the iguana but do no damage.
The iguana is severely wounded.
Your orc priest looks braver for a moment.
The iguana misses you.
You hit the iguana.
The iguana is severely wounded.
The iguana closely misses you.
You hit the iguana but do no damage.
The iguana is severely wounded.
The iguana bites you but does no damage.
You hit the iguana.
The iguana is almost dead.
The iguana closely misses you.
You barely miss the iguana.
The iguana is almost dead.
The iguana closely misses you.
You hit the iguana but do no damage.
The iguana is almost dead.
The iguana barely misses you.
The orc throws a boomerang.
The boomerang hits you.
You die...
Ru respects your ultimate sacrifice.

#.....# # ######.....# #
#..........# #..# #
#..........# #..##~#
######......§§§§# #..$#.#
#...##......§§§§# #.....#
............§§§§# #....#
....##......§§§§####§...##
............§§§☼@l§o§>....
....#####.##§§§☼§#§##..###
...## #.##§§§§§☼.##..#
...# #...§§§☼#####..# ####
#######o.# #... ....#
#.... ....# ....


You could see an iguana (ally target), an orc and a friendly orc priest
(charmed).

Vanquished Creatures
  A bombardier beetle (D:3)
  3 adders
  A dart slug (D:3)
  A ribbon worm (D:2)
  2 orcs (D:4)
  6 endoplasms
  3 giant cockroaches
  8 goblins
  7 hobgoblins
  3 quokkas
  4 ball pythons
  A bat (D:1)
  A frilled lizard (D:1)
  4 kobolds (D:3)
  6 rats
51 creatures vanquished.

Vanquished Creatures (collateral kills)
  A ball python (D:2)
  A quokka (D:4)
  A rat (D:2)
3 creatures vanquished.

Grand Total: 54 creatures vanquished

Notes
Turn   | Place    | Note
-------+----------+-------------------------------------------
     0 | D:1      | Fractals the Kobold Artificer began the quest for the Orb.
     0 | D:1      | Reached XP level 1. HP: 12/12 MP: 1/1
   290 | D:1      | Reached XP level 2. HP: 16/16 MP: 2/2
   367 | D:1      | Found a faded altar of an unknown god.
   999 | D:2      | Reached XP level 3. HP: 22/22 MP: 3/3
  1605 | D:2      | Found a runed translucent door.
  1608 | D:2      | Noticed Crazy Yiuf
  1638 | D:2      | Reached XP level 4. HP: 20/28 MP: 1/4
  2327 | D:3      | Found a stormy altar of Qazlal.
  2377 | D:3      | Found a sacrificial altar of Ru.
  2383 | D:3      | Became a worshipper of Ru the Awakened
  2648 | D:3      | Reached XP level 5. HP: 33/33 MP: 1/5
  2911 | D:4      | HP: 1/33 [orc priest/+3 falchion (7)]
  2931 | D:4      | Hit by a boomerang thrown by an orc

Illustrated notes

Levels and vault maps discovered:
D:1:      dreamdust_arrival_beginning_and_end, layout_loops_ring,
          chequers_ecumenical_altar_simple
D:2:      layout_basic, amcnicky_mini_pool_small, minmay_small_reverse_x,
          uniq_crazy_yiuf_cottage
D:3:      layout_loops_ring, nicolae_ru_awakened_eye,
          nicolae_qazlal_scattered_showers
D:4:      layout_basic, gup_sewer_entry_bubbles

Skill      XL: |  1  2  3  4 |
---------------+-------------+-----
Stealth        | 2 3 4 |  4.0
Fighting       | 2 3 |  3.9
Evocations     | 4 |  4.0
Armour         | |  0.7
Dodging        | |  2.6

Action                     |  1- 3 |  4- 6 || total
---------------------------+-------+-------++-------
  Melee: Club              |    19 |       ||    19
         Short sword       |    38 |       ||    38
         Dagger            |    32 |    61 ||    93
  Evoke: Wand              |     5 |     3 ||     8
    Use: Scroll            |     2 |     1 ||     3
         Potion            |       |     1 ||     1
   Stab: Sleeping          |    16 |    13 ||    29
 Armour: Leather armour    |    47 |    11 ||    58
         Ring mail         |       |     7 ||     7
  Dodge: Dodged            |    43 |    34 ||    77

Table legend: (Time is in decaauts)
 A = Elapsed time spent in this place.
 B = Non-inter-level travel time spent in this place.
 C = Inter-level travel time spent in this place.
 D = Time resting spent in this place.
 E = Time spent auto-exploring this place.
 F = Levels seen in this place.
 G = Mean time per level.
                   A        B        C        D        E       F      G
               +--------+--------+--------+--------+--------+-----+--------+
         Total |   2935 |   2870 |     65 |    415 |   1588 |   4 |  733.8 |
       Dungeon |   2935 |   2870 |     65 |    415 |   1588 |   4 |  733.8 |
               +--------+--------+--------+--------+--------+-----+--------+

Top non-repeatable levels by time:
     D:2: 1329 daAuts
     D:3: 743 daAuts
     D:1: 703 daAuts
     D:4: 159 daAuts
